 Dungeon Crawl Stone Soup version 0.18.1-8-gdd0e5ea (webtiles) character file.

22045 sveltemanboy the Severer (level 12, -5/104 HPs)
             Began as a Hill Orc Fighter on May 25, 2016.
             Was a High Priest of Beogh.
             Blown up by an eye of devastation (11 damage)
             ... with a bolt of energy
             ... while paralysed by a giant eyeball
             ... on level 1 of the Abyss.
             The game lasted 00:51:08 (14630 turns).

sveltemanboy the Severer (Hill Orc Fighter)        Turns: 14630, Time: 00:51:09

Health: -5/104     AC: 25    Str: 24    XL:     12   Next: 96%
Magic:  0/19       EV:  2    Int:  8    God:    Beogh [*****.]
Gold:   385        SH:  0    Dex: 10    Spells: 0 memorised, 11 levels left

rFire  + . .     SeeInvis .     a - +2 battleaxe (holy)
rCold  + . .     Gourm    .     I - +2 chain mail {rC+}
rNeg   + + .     Faith    .     (shield currently unavailable)
rPois  +         Spirit   .     b - +0 hat {MR+}
rElec  .         Dismiss  .     B - +2 cloak {rPois}
rCorr  .         Reflect  +     L - +0 pair of gloves
SustAt .         Harm     .     (no boots)
MR     +....                    A - +2 amulet of reflection
Stlth  ..........               i - ring "Nuikh" {rN++ AC+3}
                                n - ring of protection from fire

@: confused, paralysed, somewhat resistant to hostile enchantments, extremely
unstealthy
A: walk on water, thin metallic scales 1, blink, blurry vision 2, evolution 2,
subdued magic 1
a: Blink, Smiting, Recall Orcish Followers, Give Item to Named Follower,
Renounce Religion


You were on level 1 of the Abyss.
You worshipped Beogh.
Beogh was extremely pleased with you.
You were not hungry.

You visited 1 branch of the dungeon, and saw 13 of its levels.
You visited the Abyss 1 time.
You also visited: Bailey.

You collected 808 gold pieces.
You spent 423 gold pieces at shops.

Inventory:

Hand Weapons
 a - a +2 battleaxe of holy wrath (weapon)
Missiles
 c - 2 throwing nets
 v - 13 javelins (quivered)
Armour
 b - a +0 hat of magic resistance (worn)
 B - a +2 cloak of poison resistance (worn)
 I - a +2 chain mail of cold resistance (worn)
 L - a +0 pair of gloves (worn)
Jewellery
 d - an uncursed ring of protection from magic
 i - the ring "Nuikh" (right hand) {rN++ AC+3}
   (You found it on level 5 of the Dungeon)

   [ring of protection]

   It affects your AC (+3).
   It greatly protects you from negative energy.
 n - a ring of protection from fire (left hand)
 A - a +2 amulet of reflection (around neck)
 J - an uncursed amulet of rage
Wands
 h - a wand of slowing (26/48)
 r - a wand of iceblast (12/15)
 y - a wand of hasting (7/9)
 z - a wand of slowing (18/48)
 C - a wand of paralysis (24/24)
 H - a wand of confusion (11/48)
 K - a wand of polymorph (7/24)
 M - a wand of confusion (31/48)
Scrolls
 g - a scroll of enchant weapon
 m - 8 scrolls of remove curse
 p - 3 scrolls of identify
 q - 5 scrolls of teleportation
 s - 3 scrolls of enchant armour
 D - a scroll of fog
 F - a scroll of magic mapping
Potions
 e - a potion of haste
 k - 4 potions of agility
 l - a potion of lignification
 u - 2 potions of brilliance {unknown}
 x - 7 potions of curing
 E - 3 potions of flight {unknown}
 N - a potion of invisibility {unknown}
 O - a potion of cure mutation
Comestibles
 f - 10 bread rations
 j - 6 meat rations
 o - 8 beef jerkies
 t - a fruit
 w - 2 slices of pizza
 G - 2 royal jellies


   Skills:
 - Level 9.0 Fighting
 * Level 18.0 Axes
 + Level 9.4 Armour
 - Level 2.0 Dodging
   Level 3.2 Shields
 - Level 6.0 Invocations
 + Level 9.7 Evocations


You had 11 spell levels left.
You didn't know any spells.

Dungeon Overview and Level Annotations

Branches:
Dungeon (13/15)            Temple (0/1) D:4            Lair (0/8) D:11
    Orc (0/2) D:10
 Vaults: D:13-14

Altars:
Ashenzari
Cheibriados
Dithmenos
Fedhas
Kikubaaqudgha
Makhleb
Pakellas
Sif Muna
Vehumet

Shops:
D:5 %   D:6 :   D:8 %}!([   D:10 (

Annotations:
D:13 Sonja


Innate Abilities, Weirdness & Mutations

You can walk on water.
You are partially covered in thin metallic scales (AC +2).
You can translocate small distances at will.
Scrolls take you longer to read.
You rapidly evolve.
Your spells are a little easier to cast, but a little less powerful.


Message History

You slash the eye of devastation!
The eye of devastation is moderately wounded.
You hit the great orb of eyes.
The great orb of eyes is moderately wounded.
You hit the eye of devastation but do no damage.
The eye of devastation is moderately wounded.
The great orb of eyes bites you!
* * * LOW HITPOINT WARNING * * *
The giant eyeball gazes piercingly through you!
You suddenly lose the ability to move!
The great orb of eyes bites you but does no damage.
The great orb of eyes gazes at you.
You easily resist.
The eye of devastation gazes at you. The bolt of energy hits you!
* * * LOW HITPOINT WARNING * * *
The grate screeches as it bends and collapses.
The eye of devastation gazes at you. The bolt of energy hits you!
You die...

## ## ##..+..
##..#####..
##.###...###
#.##.......#
##.#.........
#..#G..###. .
#..GGG##[##..
#+#@GG..#=#..
#.G.G.##.##..
#.##...+##...
##.#....# ...
#.##...# .#
##.###.#
##..#+# ###..
###


You could see a great orb of eyes, 5 eyes of devastation, an eye of draining and
a giant eyeball.

Vanquished Creatures
  Kirke (D:13)
  Azrael (D:13)
  2 unseen horrors
  3 hill giants
  An orc knight (Bailey)
  A shining eye (Abyss:1)
  A cyclops (D:12)
  An ugly thing (D:9)
  A centaur skeleton (D:13)
  2 kobold demonologists
  2 trolls
  2 slime creatures (D:12)
  Prince Ribbit (D:9)
  Sigmund (D:5)
  2 hogs (D:13)
  Eustachio (D:6)
  A wraith (D:12)
  The ghost of georgeearnest the Ruffian, an amateur DrMo of Yredelemnul (D:3)
  A wyvern (D:9)
  11 yaks
  A hippogriff (D:11)
  Edmund (D:6)
  A hungry ghost (D:8)
  A vampire mosquito (D:13)
  Menkaure (D:5)
  3 wargs (D:10)
  Duvessa (D:4)
  A black bear (D:6)
  7 ice beasts
  5 orc warriors
  5 phantoms
  A wasp (D:9)
  6 ogres
  4 sky beasts
  6 centaurs
  2 necrophages
  3 big kobolds
  13 giant frogs
  Dowan (D:4)
  5 scorpions
  4 electric eels (D:10)
  12 wights
  10 crimson imps
  A giant frog zombie (D:12)
  8 howler monkeys
  2 centaur zombies
  An orc priest (D:9)
  8 hounds
  Crazy Yiuf (D:5)
  9 jellies
  7 orc wizards
  4 giant frog skeletons
  Natasha (twice) (D:4)
  7 iguanas
  6 worker ants
  2 killer bee zombies
  A sheep (D:12)
  A hound zombie (D:6)
  2 hound skeletons
  A worker ant zombie (D:5)
  7 gnolls
  A howler monkey skeleton (D:5)
  17 adders
  A shadow imp (D:7)
  3 oozes
  3 worms (D:3)
  A dart slug (D:1)
  6 giant geckos
  33 orcs
  2 ball pythons
  7 bats
  6 giant cockroaches
  17 goblins
  8 hobgoblins
  20 jackals
  3 quokkas
  A giant gecko skeleton (D:4)
  4 giant newts
  11 kobolds
  A quokka skeleton (D:10)
  7 rats
  A plant (D:4)
354 creatures vanquished.

Vanquished Creatures (collateral kills)
  A hydra (D:11)
  2 hill giants
  An ugly thing (D:12)
  A cyclops (D:12)
  Maurice (D:13)
  A gargoyle (D:13)
  A slime creature (D:12)
  A wraith (D:13)
  5 fire elementals (D:13)
  A basilisk (D:12)
  A hog (D:13)
  4 yaks
  2 wargs (D:10)
  A mottled dragon (D:12)
  2 hell hounds (D:13)
  A water moccasin (D:11)
  3 orc warriors
  A phantom (D:11)
  An ogre (D:11)
  2 giant frogs
  A gnoll sergeant (Bailey)
  An electric eel (D:10)
  A wasp zombie (D:12)
  A giant frog zombie (D:11)
  2 orc priests (D:10)
  3 orc wizards
  2 iguanas
  2 worker ants
  A sheep (D:12)
  A worker ant zombie (D:11)
  2 gnolls
  An adder (D:12)
  4 orcs
  7 goblins
  A hobgoblin (Bailey)
  5 kobolds (D:10)
68 creatures vanquished.

Vanquished Creatures (others)
  2 orc knights (D:13)
  5 orc warriors
  3 orc priests
  3 orc wizards (D:10)
  35 orcs
48 creatures vanquished.

Grand Total: 470 creatures vanquished

Notes
Turn   | Place    | Note
--------------------------------------------------------------
     0 | D:1      | sveltemanboy the Hill Orc Fighter began the quest for the Orb.
     0 | D:1      | Reached XP level 1. HP: 19/19 MP: 1/1
   109 | D:1      | Reached skill level 3 in Axes
   113 | D:1      | Reached XP level 2. HP: 20/26 MP: 2/2
   205 | D:1      | Reached skill level 1 in Dodging
   255 | D:1      | Reached XP level 3. HP: 29/31 MP: 3/3
   309 | D:1      | Reached skill level 4 in Axes
   742 | D:2      | Reached XP level 4. HP: 39/39 MP: 4/4
   789 | D:2      | Found a shattered altar of Ashenzari.
   885 | D:2      | Reached skill level 5 in Axes
  1886 | D:3      | Found a deep blue altar of Sif Muna.
  1917 | D:3      | Reached XP level 5. HP: 43/45 MP: 5/5
  2377 | D:3      | Noticed georgeearnest's ghost (amateur DrMo)
  2395 | D:3      | Killed georgeearnest's ghost
  2395 | D:3      | Reached skill level 6 in Axes
  2395 | D:3      | Reached XP level 6. HP: 25/52 MP: 2/6
  3005 | D:4      | Reached skill level 7 in Axes
  3277 | D:4      | Reached XP level 7. HP: 60/60 MP: 7/7
  3293 | D:4      | Reached skill level 5 in Fighting
  3418 | D:4      | Noticed Duvessa
  3420 | D:4      | Noticed Dowan
  3425 | D:4      | Killed Duvessa
  3425 | D:4      | Reached skill level 5 in Armour
  3442 | D:4      | Killed Dowan
  3442 | D:4      | Reached skill level 8 in Axes
  3666 | D:4      | Found a staircase to the Ecumenical Temple.
  3718 | D:4      | Reached skill level 1 in Evocations
  3718 | D:4      | Reached XP level 8. HP: 65/69 MP: 6/8
  3822 | D:4      | Found an oddly glowing altar of Pakellas.
  3822 | D:4      | Noticed a rakshasa
  4129 | D:4      | Noticed Natasha
  4131 | D:4      | Killed Natasha
  4227 | D:4      | Noticed Natasha
  4231 | D:4      | Killed Natasha
  4264 | D:5      | Entered Level 5 of the Dungeon
  4294 | D:5      | Reached skill level 9 in Axes
  4380 | D:5      | Got a scorched golden ring
  4382 | D:5      | Identified the ring "Nuikh" {rN++ AC+3} (You found it on level 5 of the Dungeon)
  4540 | D:5      | Noticed Crazy Yiuf
  4543 | D:5      | Killed Crazy Yiuf
  4616 | D:5      | Found Ciuffusk's Food Shop.
  4665 | D:5      | Noticed Menkaure
  4672 | D:5      | Became a worshipper of Beogh the Brigand
  4677 | D:5      | Killed Menkaure
  4902 | D:5      | Reached skill level 10 in Axes
  4910 | D:5      | Found a shattered altar of Ashenzari.
  5072 | D:5      | Noticed Sigmund
  5086 | D:5      | Killed Sigmund
  5086 | D:5      | Reached skill level 1 in Invocations
  5086 | D:5      | Reached XP level 9. HP: 56/74 MP: 11/11
  5438 | D:5      | Found a blossoming altar of Fedhas.
  5618 | D:6      | Noticed Edmund
  5639 | D:6      | Killed Edmund
  5639 | D:6      | Reached skill level 11 in Axes
  5665 | D:6      | Found Xacaut's Book Boutique.
  5677 | D:6      | Noticed Eustachio
  5756 | D:6      | Noticed Prince Ribbit
  5758 | D:6      | Found a snail-covered altar of Cheibriados.
  6191 | D:6      | Killed Eustachio
  6191 | D:6      | Reached * piety under Beogh
  6345 | D:6      | Found a shadowy altar of Dithmenos.
  6367 | D:6      | Reached skill level 12 in Axes
  6420 | D:6      | Found an ancient bone altar of Kikubaaqudgha.
  6589 | D:7      | Reached skill level 5 in Evocations
  6602 | D:7      | Gained mutation: You are clumsy. (Dex -2) [mutagenic meat]
  6603 | D:7      | Gained mutation: You can translocate small distances at will. [mutagenic meat]
  6683 | D:7      | Reached skill level 5 in Invocations
  6690 | D:7      | Reached XP level 10. HP: 65/81 MP: 13/13
  6986 | D:7      | Found a burning altar of Makhleb.
  7182 | D:7      | Reached ** piety under Beogh
  7194 | D:7      | Reached skill level 13 in Axes
  7277 | D:7      | Gained mutation: Your spells are a little harder to cast, but a little more powerful. [potion of mutation]
  7277 | D:7      | Gained mutation: Your magical capacity is low (-10% MP). [potion of mutation]
  7277 | D:7      | Gained mutation: You are dopey. (Int -2) [potion of mutation]
  7278 | D:7      | Lost mutation: You are dopey. (Int -2) [potion of cure mutation]
  7278 | D:7      | Lost mutation: Your magical capacity is low (-10% MP). [potion of cure mutation]
  7278 | D:7      | Lost mutation: Your spells are a little harder to cast, but a little more powerful. [potion of cure mutation]
  7278 | D:7      | Lost mutation: You are clumsy. (Dex -2) [potion of cure mutation]
  7487 | D:8      | Found a shattered altar of Ashenzari.
  7518 | D:8      | Found Zidixore's Food Shoppe.
  7761 | D:8      | Found Ydghut's Antique Weapon Boutique.
  8104 | D:8      | Found Asiulang's Armour Shoppe.
  8122 | D:8      | Bought a +2 chain mail of cold resistance for 279 gold pieces
  8171 | D:8      | Found Pusoum's Distillery.
  8178 | D:8      | Bought a potion of berserk rage for 80 gold pieces
  8178 | D:8      | Bought a potion of agility for 64 gold pieces
  8184 | D:8      | Found Ybeje's Gadget Shoppe.
  8535 | D:9      | HP: 1/84 [something (6)]
  8539 | D:9      | Reached skill level 14 in Axes
  8551 | D:8      | HP: 4/126 [something (6)]
  8643 | D:8      | Gained mutation: Your body sometimes deteriorates upon taking damage. [mutagenic meat]
  8644 | D:8      | Gained mutation: You are weak. (Str -2) [mutagenic meat]
  8645 | D:8      | Gained mutation: Your spells are a little easier to cast, but a little less powerful. [mutagenic meat]
  8646 | D:8      | Gained mutation: You evolve. [mutagenic meat]
  8906 | D:9      | Killed Prince Ribbit
  9091 | D:9      | Found a radiant altar of Vehumet.
  9312 | D:9      | Lost mutation: You are weak. (Str -2) [evolution]
  9375 | D:9      | Reached XP level 11. HP: 64/92 MP: 16/16
  9419 | D:9      | Reached *** piety under Beogh
  9696 | D:9      | Noticed a purple ugly thing
  9714 | D:9      | Killed a purple ugly thing
  9724 | D:9      | Gained mutation: Scrolls take you a little longer to read. [mutagenic meat]
  9726 | D:9      | Gained mutation: You rapidly evolve. [mutagenic meat]
  9777 | D:10     | Entered Level 10 of the Dungeon
  9909 | D:10     | Found a staircase to the Orcish Mines.
  9964 | D:10     | Identified a scroll of acquirement
 10067 | D:10     | Killed an unseen horror
 10067 | D:10     | Reached skill level 15 in Axes
 10679 | D:10     | Found Edeubb's Weapon Shoppe.
 10843 | D:10     | Reached **** piety under Beogh
 11505 | D:11     | Noticed a hill giant
 11509 | D:11     | Killed a hill giant
 11726 | D:11     | Noticed a hill giant
 11735 | D:11     | Killed a hill giant
 11875 | D:11     | Found a staircase to the Lair.
 12100 | D:11     | Reached skill level 16 in Axes
 12227 | D:11     | Noticed a six-headed hydra
 12250 | D:11     | Killed a 15-headed hydra
 12620 | D:12     | Noticed a cyclops
 12627 | D:12     | Noticed a hill giant
 12627 | D:12     | Noticed a red ugly thing
 12632 | D:12     | Killed a hill giant
 12632 | D:12     | Reached XP level 12. HP: 76/104 MP: 18/18
 12638 | D:12     | Reached ***** piety under Beogh
 13070 | D:12     | Gained mutation: Scrolls take you longer to read. [mutagenic meat]
 13071 | D:12     | Lost mutation: Your body sometimes deteriorates upon taking damage. [mutagenic meat]
 13094 | D:12     | Noticed a soul eater
 13380 | D:12     | Reached skill level 17 in Axes
 13545 | D:13     | Noticed Azrael
 13566 | D:13     | Killed Azrael
 13791 | D:13     | Noticed Kirke
 13805 | D:13     | Killed Kirke
 13904 | D:13     | Gained mutation: You are partially covered in thin metallic scales (AC +2). [evolution]
 13967 | D:13     | Found a flagged portal.
 13996 | Bailey   | Entered a bailey
 14075 | Bailey   | Gained Brandogh as an ally
 14475 | D:13     | Noticed Maurice
 14488 | D:13     | Killed Maurice
 14488 | D:13     | Gained Orkwin as an ally
 14601 | D:13     | Noticed Sonja
 14602 | D:13     | Cast into level 1 of the Abyss (Sonja)
 14603 | Abyss:1  | Noticed a great orb of eyes
 14604 | Abyss:1  | Reached skill level 18 in Axes
 14612 | Abyss:1  | Paralysed by a giant eyeball for 4 turns
 14622 | Abyss:1  | Paralysed by a giant eyeball for 2 turns
 14628 | Abyss:1  | Paralysed by a giant eyeball for 2 turns
 14630 | Abyss:1  | Blown up by an eye of devastation

Skill      XL: |  1  2  3  4  5  6  7  8  9 10 11 12 |
---------------+-------------------------------------+-----
Axes           | 3 4 5 6 7 8 10 12 14 16 18 | 18.0
Dodging        | 1 2 |  2.0
Fighting       | 4 5 7 9 |  9.0
Armour         | 4 5 6 7 9 |  9.4
Evocations     | 1 3 5 6 8 9 |  9.7
Invocations    | 1 5 6 |  6.0
Shields        | |  3.2

Action                   |  1- 3 |  4- 6 |  7- 9 | 10-12 || total
-------------------------+-------+-------+-------+-------++-------
Melee: War axe           |   103 |   209 |   367 |   674 ||  1353
       Battleaxe         |       |       |       |    99 ||    99
Throw: Javelin           |       |    18 |    41 |    12 ||    71
Invok: Convert to Beogh  |       |       |     1 |       ||     1
Evoke: Wand              |       |       |     6 |    20 ||    26
  Use: Potion            |       |     1 |       |    13 ||    14
       Scroll            |       |       |    13 |     9 ||    22
 Stab: Paralysed         |       |       |       |    12 ||    12
       Confused          |       |       |       |     1 ||     1
       Sleeping          |       |       |       |     1 ||     1
  Eat: Chunk             |       |     7 |    13 |    35 ||    55
       Pizza             |       |     1 |       |       ||     1
       Fruit             |       |       |       |     4 ||     4
Armor: Scale mail        |    59 |    22 |       |       ||    81
       Chain mail        |       |    85 |   228 |   454 ||   767
       Ring mail         |       |       |    14 |       ||    14
       Skin              |       |       |       |     5 ||     5
Dodge: Dodged            |    67 |    94 |   172 |   305 ||   638
Block: Shield            |     7 |       |       |       ||     7
       Other             |       |       |    26 |    40 ||    66
       Reflection        |       |       |     2 |     8 ||    10
